 Dungeon Crawl Stone Soup version 0.21.1-1-g345015fe64 (webtiles) character file.

2646 Naow the Warrior (level 9, -2/64 HPs)
             Began as a Formicid Fighter on June 10, 2018.
             Was a Believer of Okawaru.
             Killed from afar by Bapho's ghost (11 damage)
             ... with an orb of energy
             ... on level 8 of the Dungeon.
             The game lasted 00:10:31 (6851 turns).

Naow the Warrior (Formicid Fighter)                 Turns: 6851, Time: 00:10:31

Health: -2/64      AC: 11    Str: 23    XL:     9   Next: 93%
Magic:  16/16      EV: 12    Int:  9    God:    Okawaru [**....]
Gold:   225        SH: 13    Dex: 10    Spells: 8/8 levels left

rFire    . . .     SeeInvis +   w - +0 battleaxe
rCold    . . .     Gourm    .   c - +0 shield
rNeg     . . .     Faith    .   b - +0 scale mail
rPois    .         Spirit   .   (helmet unavailable)
rElec    .         Reflect  .   (no cloak)
rCorr    .         Harm     .   v - +0 pair of gloves
MR       .....                  (no boots)
Stlth    +.........             (no amulet)
HPRegen  0.20/turn              (no ring)
MPRegen  0.15/turn              (no ring)

@: heroism
A: permanent stasis, dig shafts and tunnels, four strong arms, antennae 3,
iridescent scales 1, mutation resistance 1
a: Dig, Shaft Self, Heroism, Renounce Religion


You were on level 8 of the Dungeon.
You worshipped Okawaru.
Okawaru was pleased with you.
You were very hungry.

You visited 2 branches of the dungeon, and saw 9 of its levels.

You collected 253 gold pieces.
You spent 28 gold pieces at shops.

Inventory:

Hand Weapons
 a - a +0 war axe
 w - a +0 battleaxe (weapon)
Armour
 b - a +0 scale mail (worn)
 c - a +0 shield (worn)
 v - a +0 pair of gloves (worn)
Wands
 t - a wand of paralysis (18)
 u - a wand of digging (9)
Scrolls
 d - 3 scrolls of remove curse {unknown}
 g - a scroll of random uselessness {unknown}
 i - a scroll of enchant weapon {unknown}
 l - 2 scrolls of amnesia {unknown}
 m - 8 scrolls of identify
 o - 4 scrolls of immolation {unknown}
 p - a scroll of fog {unknown}
 q - 3 scrolls of teleportation {unknown}
 s - a scroll of blinking {unknown}
 x - a scroll of magic mapping {unknown}
Potions
 e - a potion of haste
 h - a potion of flight {unknown}
 j - 2 potions of mutation
 k - a potion of agility
 n - 2 potions of lignification
 r - 2 potions of might
Books
 y - a book of Conjurations

   Spells                             Type                      Level
   a - Magic Dart                     Conjuration                  1
   b - Searing Ray                    Conjuration                  2
   c - Dazzling Spray                 Conjuration/Hexes            3
   d - Fulminant Prism                Conjuration/Hexes            4
   e - Force Lance                    Conjuration/Translocation    4
   f - Iskenderun's Mystic Blast      Conjuration                  4
Comestibles
 f - 15 rations


   Skills:
 + Level 3.3(8.3) Fighting
 + Level 8.0(13.0) Axes
 + Level 3.3(8.3) Armour
 + Level 0.3(5.3) Dodging
 + Level 7.4(12.4) Shields
 - Level 10.1 Invocations


You had 8 spell levels left.
You didn't know any spells.

Dungeon Overview and Level Annotations

Branches:
Dungeon (8/15)             Temple (1/1) D:6
   Lair: D:8-11

Altars:
Ashenzari
Cheibriados
Dithmenos
Elyvilon
Fedhas
Gozag
Hepliaklqana
Kikubaaqudgha
Makhleb
Nemelex Xobeh
Okawaru
Qazlal
Ru
Sif Muna
Trog
Uskayaw
Vehumet
Wu Jian
Xom
Yredelemnul
Zin
The Shining One

Shops:
D:5 *=   D:7 (

Annotations:
D:4 CaptDreibein's ghost, amateur DrFE
D:8 Bapho's ghost, novice DrCj


Innate Abilities, Weirdness & Mutations

You cannot be hasted, slowed, berserked, paralysed or teleported.
You can dig through walls and to a lower floor.
Your four strong arms can wield two-handed weapons with a shield.
You have a pair of large antennae on your head. (SInv)
You are partially covered in iridescent scales. (AC +2)
You are somewhat resistant to further mutation.


Message History

Bapho's ghost is severely damaged.
Bapho's ghost screams, "You will join me soon!"
Bapho's ghost hits you but does no damage.
You hit Bapho's ghost but do no damage.
Bapho's ghost is severely damaged.
You block Bapho's ghost's attack.
You barely miss Bapho's ghost.
Bapho's ghost is severely damaged.
Bapho's ghost gestures at you while chanting.
You block the orb of energy.
The orb of energy explodes!
You slash Bapho's ghost!
Bapho's ghost is almost destroyed.
Bapho's ghost points at you and mumbles some strange words.
The orb of energy hits you!
You closely miss Bapho's ghost.
Bapho's ghost is almost destroyed.
Bapho's ghost wails.
Bapho's ghost gestures at you while chanting.
The orb of energy hits you!
You die...

......#
#............##
......##
#....###....##
.......## #...##
######
....†...### ##..#
.....†W...# #..#
#####
.....<##...# #.##
##...#####
.....## #.# #.#
#......... #.....
#.####.#
##..#######
####.. #..#.@#
##.### # ###.
#..W.# ##.## #.#
#...#####.## #.#
#....##..##
#<.###........#
#...........##
##...........## #
#.............##
##
........)......##
##.


You could see Bapho's ghost.

Vanquished Creatures
  Pikel (D:7)
  A hippogriff (D:7)
  An orc warrior (D:8)
  A black bear (D:8)
  An ice beast (D:6)
  2 phantoms (D:6)
  A centaur (D:7)
  3 ogres
  2 bullfrogs (D:6)
  A water moccasin zombie (D:8)
  5 howler monkeys
  A centaur zombie (D:5)
  A centaur skeleton (D:7)
  A hound (D:5)
  3 orc wizards
  A gnoll shaman (D:5)
  5 orc priests
  2 iguanas
  Jessica (D:5)
  4 worker ants (D:4)
  A hound zombie (D:8)
  A hound skeleton (D:6)
  A howler monkey zombie (D:5)
  12 adders
  3 gnolls (D:5)
  A shadow imp (D:6)
  3 oozes
  2 worms (D:2)
  2 dart slugs
  5 leopard geckos
  19 orcs
  2 ball pythons
  4 giant cockroaches
  11 goblins
  7 hobgoblins
  6 jackals
  8 kobolds
  4 quokkas
  9 bats
  5 frilled lizards
  A jackal skeleton (D:5)
  A quokka skeleton (D:7)
  A quokka zombie (D:8)
  8 rats
155 creatures vanquished.

Vanquished Creatures (others)
  An orc wizard (D:7)
  3 orcs (D:7)
4 creatures vanquished.

Grand Total: 159 creatures vanquished

Notes
Turn   | Place    | Note
-------+----------+-------------------------------------------
     0 | D:1      | Naow the Formicid Fighter began the quest for the Orb.
     0 | D:1      | Reached XP level 1. HP: 18/18 MP: 1/1
    48 | D:1      | Reached XP level 2. HP: 24/24 MP: 2/2
   224 | D:1      | Reached XP level 3. HP: 29/29 MP: 3/3
   702 | D:2      | Reached XP level 4. HP: 14/35 MP: 4/4
  1897 | D:3      | Found a glowing golden altar of the Shining One.
  1919 | D:3      | Reached XP level 5. HP: 41/41 MP: 5/5
  2161 | D:3      | HP: 1/41 [orc priest (2)]
  2163 | D:3      | Reached skill level 5 in Shields
  2409 | D:3      | Reached XP level 6. HP: 38/47 MP: 6/6
  2623 | D:3      | Reached skill level 5 in Axes
  2625 | D:3      | Found a burning altar of Makhleb.
  2625 | D:3      | Noticed a cacodemon
  3195 | D:4      | Found a shimmering altar of Xom.
  3196 | D:4      | Found a shimmering altar of Xom.
  3261 | D:4      | Gained mutation: You are partially covered in iridescent scales. (AC +2) [potion of mutation]
  3261 | D:4      | Gained mutation: You are somewhat resistant to further mutation. [potion of mutation]
  3261 | D:4      | HP: 2/47 [poisoned by a worker ant]
  3626 | D:4      | Reached XP level 7. HP: 14/52 MP: 7/7
  3935 | D:4      | Noticed CaptDreibein's ghost (amateur DrFE)
  4212 | D:5      | Entered Level 5 of the Dungeon
  4212 | D:5      | Noticed Jessica
  4218 | D:5      | Killed Jessica
  4227 | D:5      | Found a deep blue altar of Sif Muna.
  4598 | D:5      | Found Nounesk's General Store.
  4606 | D:5      | Bought a scroll of identify for 28 gold pieces
  4630 | D:5      | Found Upairch's Jewellery Shop.
  4900 | D:6      | Reached XP level 8. HP: 56/58 MP: 8/8
  5015 | D:6      | Found a staircase to the Ecumenical Temple.
  5027 | Temple   | Entered the Ecumenical Temple
  5132 | Temple   | Became a worshipper of Warmaster Okawaru
  5234 | D:6      | Reached skill level 1 in Invocations
  5498 | D:6      | Found a shadowy altar of Dithmenos.
  5720 | D:6      | Reached skill level 2 in Invocations
  5854 | D:7      | Reached skill level 3 in Invocations
  5884 | D:7      | Found a stormy altar of Qazlal.
  5960 | D:7      | Reached skill level 4 in Invocations
  5971 | D:7      | Noticed Pikel
  5978 | D:7      | Reached * piety under Okawaru
  5978 | D:7      | Reached skill level 5 in Invocations
  6001 | D:7      | Killed Pikel
  6001 | D:7      | Reached skill level 7 in Invocations
  6001 | D:7      | Reached XP level 9. HP: 43/64 MP: 9/14
  6030 | D:7      | Noticed a hippogriff
  6047 | D:7      | Killed a hippogriff
  6047 | D:7      | Reached skill level 8 in Invocations
  6406 | D:7      | Found Malliry's Weapon Shoppe.
  6486 | D:8      | Noticed Bapho's ghost (novice DrCj)
  6496 | D:8      | Reached skill level 9 in Invocations
  6711 | D:8      | Reached ** piety under Okawaru
  6711 | D:8      | Reached skill level 10 in Invocations
  6851 | D:8      | Killed from afar by Bapho's ghost

Skill      XL: |  1  2  3  4  5  6  7  8  9 |
---------------+----------------------------+-----
Shields        | 4 5 6 7 |  7.4
Axes           | 3 4 5 7 8 |  8.0
Invocations    | 7 10 | 10.1
Fighting       | |  3.3
Armour         | |  3.3
Dodging        | |  0.3

Action                   |  1- 3 |  4- 6 |  7- 9 || total
-------------------------+-------+-------+-------++-------
Melee: War axe           |   111 |   240 |   279 ||   630
       Battleaxe         |       |       |    23 ||    23
Invok: Heroism           |       |       |     5 ||     5
  Use: Potion            |       |     5 |     1 ||     6
  Eat: Chunk             |       |     9 |    10 ||    19
Armor: Scale mail        |    63 |   104 |   102 ||   269
       Skin              |       |       |     8 ||     8
Dodge: Dodged            |    36 |    97 |    95 ||   228
Block: Shield            |    72 |   141 |   148 ||   361
